AoeStats
← BN27

Arabia

507229046Analyzed
1v1 RM · 16d ago on Sep 17, 2026· 39m 19s· 2 players
Game mode
Random Map
Map size
Tiny (2 player)
Population
200
Speed
Normal
Resources
Standard
Victory
Conquest
Starting age
Dark Age
Ending age
Imperial Age
RankedLock teamsTeams togetherTeam positionsShared explorationLock speedFull tech treeHidden civsTurbo modeCheats
Victory
Defeat
🇨🇳 Hindustanis · China
1802
+13
🇩🇪 Bengalis · Germany
1738
-13
BN27
6:31 Loom
10:06 Feudal Age
10:52 Horse Collar
10:58 Double-Bit Axe
15:58 Wheelbarrow
18:39 Fletching
20:35 Bloodlines
22:16 Forging
22:30 Bloodlines
22:49 Scale Barding Armor
26:05 Castle Age
24:32 Gold Mining
24:47 Town Watch
25:18 Scale Barding Armor
28:14 Bow Saw
28:09 Bodkin Arrow
30:00 Elite Skirmisher
33:22 Gold Shaft Mining
34:08 Pikeman
35:22 Squires
35:59 Iron Casting
35:27 Padded Archer Armor
35:31 Husbandry
36:58 Hand Cart
38:18 Leather Archer Armor
38:16 Squires
38:18 Scale Mail Armor
金戈铁鸡
8:23 Feudal Age
6:54 Loom
9:01 Double-Bit Axe
11:12 Loom
13:11 Horse Collar
20:59 Bloodlines
21:31 Wheelbarrow
21:50 Forging
22:57 Scale Barding Armor
27:55 Castle Age
27:55 Gold Mining
28:53 Bow Saw
29:05 Chain Barding Armor
28:06 Light Cavalry
28:49 Husbandry
31:07 Iron Casting
32:46 Heavy Plow
33:06 Hand Cart
34:32 Gold Shaft Mining
34:27 Devotion
Connection lost

Rejoining the realm…

Still unreachable

The connection could not be restored.

Session expired

The server has moved on; the page needs a fresh start.